Construct Infanterie Kompanie
Construct Panzergrenadier Kompanie
Pak 40 Anti-tank Gun Team
Nebelwerfer 42 Rocket Launcher Team
Nebelwerfer 42 Rocket Launcher Team
Selects Mechanized Battlegroup
Selects Mechanized Battlegroup
Selects StuG Assault Group
Selects UNKNOWN (2160084)
Construct Panzer Kompanie
Selects Mobile Repair Stations
Pak 40 Anti-tank Gun Team
Pak 40 Anti-tank Gun Team
Selects Wespe Self-propelled Artillery
Selects Zeroing Artillery Barrage
Zeroing Artillery Barrage
Zeroing Artillery Barrage
Zeroing Artillery Barrage
Wespe Self-propelled Artillery